 Dungeon Crawl Stone Soup version 0.22-a0-298-g92d99f377c (webtiles) character file.

1151 Infinimo the Ducker (level 8, 0/36 HPs)
             Began as a Spriggan Earth Elementalist on Mar 25, 2018.
             Was a Follower of Sif Muna.
             Killed from afar by an electric eel (13 damage)
             ... with a bolt of electricity
             ... on level 6 of the Dungeon.
             The game lasted 00:09:16 (5246 turns).

Infinimo the Ducker (Spriggan Earth Elementalist)   Turns: 5246, Time: 00:09:17

Health: 0/36       AC:  3    Str:  4    XL:     8   Next: 15%
Magic:  6/17       EV: 29    Int: 18    God:    Sif Muna [*.....]
Gold:   282        SH:  0    Dex: 22    Spells: 14/18 levels left

rFire    . . .     SeeInvis +   o - +0 dagger (venom)
rCold    . . .     Gourm    .   (shield restricted)
rNeg     . . .     Faith    .   c - +0 robe
rPois    .         Spirit   .   (helmet restricted)
rElec    .         Reflect  .   r - +0 cloak
rCorr    .         Harm     .   (gloves unavailable)
MR       +....                  (boots unavailable)
Stlth    ++++......             (no amulet)
HPRegen  0.12/turn              (no ring)
MPRegen  0.15/turn              (no ring)

@: agile, very quick
A: very small, unfitting armour, see invisible, herbivore, speed 3, slow
metabolism 2
a: Divine Energy, Renounce Religion


You were on level 6 of the Dungeon.
You worshipped Sif Muna.
Sif Muna was aware of your devotion.
You were not hungry.

You visited 1 branch of the dungeon, and saw 6 of its levels.

You collected 282 gold pieces.

Inventory:

Hand Weapons
 o - a +0 dagger of venom (weapon)
Missiles
 b - 61 stones (quivered)
Armour
 c - a +0 robe (worn)
 r - a +0 cloak (worn)
Jewellery
 i - an uncursed ring of positive energy {unknown}
 z - a cursed amulet of guardian spirit {unknown}
Scrolls
 a - 2 scrolls of identify {unknown}
 e - a scroll of fear {unknown}
 j - a scroll of magic mapping {unknown}
 k - 6 scrolls of teleportation {unknown}
 l - a scroll of blinking {unknown}
 m - a scroll of amnesia {unknown}
 u - a scroll of enchant armour {unknown}
 w - a scroll of noise {unknown}
 x - a scroll of enchant weapon {unknown}
 y - a scroll of fog {unknown}
 A - a scroll of silence {unknown}
Potions
 f - 2 potions of heal wounds {unknown}
 g - a potion of flight {unknown}
 n - a potion of invisibility {unknown}
 p - a potion of brilliance {unknown}
 q - a potion of haste {unknown}
 s - 3 potions of agility
 t - 2 potions of resistance {unknown}
 v - a potion of might {unknown}
 B - a potion of degeneration {unknown}
Comestibles
 d - 7 rations


   Skills:
 + Level 6.8 Dodging
 - Level 3.0 Stealth
 + Level 5.8 Spellcasting
 + Level 3.0 Conjurations
   Level 1.3 Transmutations
 * Level 6.2 Earth Magic


You had 14 spell levels left.
You knew the following spells:

 Your Spells              Type           Power        Failure   Level  Hunger
a - Sandblast             Erth           ####..       1%          1    None
b - Stone Arrow           Conj/Erth      ###...       5%          3    ##.....


Dungeon Overview and Level Annotations

Branches:
Dungeon (6/15)             Temple (0/1) D:4

Altars:
Ashenzari
Qazlal
Sif Muna
Trog


Innate Abilities, Weirdness & Mutations

You are very small and have problems with some larger weapons.
You are too small for most types of armour.
You have supernaturally acute eyesight. (SInv)
You are a herbivore.
You cover ground extremely quickly.
You need to consume almost no food.


Message History

Casting: Stone Arrow (safe; 5% risk of failure)
Confirm with . or Enter, or press ? or * to list all spells.
Aiming: Stone Arrow (safe; 5% risk of failure)
Press: ? - help, Shift-Dir - straight line, f/p - electric eel
Aim: an electric eel (water)
The stone arrow hits the electric eel.
The electric eel is severely wounded.
The electric eel shoots out a bolt of lightning at you!
The bolt of electricity hits you!
* * * LOW HITPOINT WARNING * * *
The electric eel shoots out a bolt of lightning at you!
Okay, then.
It was a potion of agility.
You feel agile all of a sudden.
The electric eel shoots out a bolt of lightning at you! x2
It was a potion of curing.
You feel better.
You feel better.
The electric eel shoots out a bolt of lightning at you!
The bolt of electricity hits you!
You die...

...# #. .... ########.##
≈≈.# ............ #≈.
#≈.###............ #≈.≈
#≈.....#..........
#≈.≈###≈(....#..........
≈≈.≈≈;≈≈.....#.......[..
.......@.....#..........
≈≈.≈≈≈;≈.....#.........)
#≈.≈###≈................
#≈. #≈................
#≈.≈###≈.......##).####.
≈.≈≈≈≈≈......#.[..# ##
.............#.##.# ##
≈.≈≈≈≈≈.......)##.####.
≈.≈###≈.....)..÷...##..


You could see 2 electric eels.

Vanquished Creatures
  Menkaure (D:5)
  An orc warrior (D:5)
  An ice beast (D:5)
  3 eyes of draining (D:3)
  An ogre (D:5)
  A scorpion (D:3)
  2 orc priests
  An iguana (D:6)
  2 worker ants
  A howler monkey skeleton (D:6)
  11 gnolls
  10 adders
  An adder zombie (D:6)
  An ooze (D:2)
  A worm (D:2)
  A dart slug (D:1)
  3 leopard geckos
  18 orcs
  6 bats
  2 giant cockroaches
  7 goblins
  7 hobgoblins
  A ball python skeleton (D:4)
  A frilled lizard (D:2)
  10 kobolds
  6 rats
100 creatures vanquished.

Notes
Turn   | Place    | Note
-------+----------+-------------------------------------------
     0 | D:1      | Infinimo the Spriggan Earth Elementalist began the quest for the Orb.
     0 | D:1      | Reached XP level 1. HP: 9/9 MP: 5/5
   152 | D:1      | Reached XP level 2. HP: 13/13 MP: 3/6
   705 | D:2      | Reached XP level 3. HP: 16/16 MP: 6/8
   949 | D:2      | Learned a level 3 spell: Stone Arrow
  1254 | D:2      | Reached XP level 4. HP: 21/21 MP: 3/10
  1970 | D:3      | Reached skill level 1 in Conjurations
  1970 | D:3      | Reached XP level 5. HP: 24/24 MP: 6/11
  2313 | D:3      | Found a deep blue altar of Sif Muna.
  2354 | D:3      | Became a worshipper of Sif Muna the Loreminder
  2674 | D:3      | Noticed an eye of draining
  2771 | D:3      | Noticed an eye of draining
  2772 | D:3      | Noticed an eye of draining
  2809 | D:3      | Killed an eye of draining
  2809 | D:3      | Reached skill level 5 in Dodging
  2809 | D:3      | Reached XP level 6. HP: 28/28 MP: 0/13
  2917 | D:3      | Found a bloodstained altar of Trog.
  3241 | D:4      | Found a staircase to the Ecumenical Temple.
  3320 | D:4      | Reached skill level 5 in Earth Magic
  3646 | D:4      | Found a shattered altar of Ashenzari.
  3708 | D:4      | Reached XP level 7. HP: 32/32 MP: 11/15
  3837 | D:5      | Entered Level 5 of the Dungeon
  3855 | D:5      | Reached * piety under Sif Muna
  3954 | D:5      | Reached skill level 5 in Spellcasting
  4233 | D:5      | Noticed Menkaure
  4239 | D:5      | Killed Menkaure
  4817 | D:6      | Found a stormy altar of Qazlal.
  4865 | D:5      | Reached XP level 8. HP: 36/36 MP: 0/17
  5246 | D:6      | Killed from afar by an electric eel

Vault maps used:
D:1:      grunt_arrival_lava_bath, minmay_surrounded
D:3:      mumra_celtic_spiral_tile, trog_eyes_of_draining,
          overflow_temple_1_default, first_ration, minivault_19
D:4:      minmay_temple_entry_statues_fountains, nicolae_ashenzari_panopticon
D:5:      uniq_menkaure
D:6:      nicolae_overflow_crystal_walls,
          chequers_temple_overflow_statue_of_worship, kennysheep_boxes

Skill      XL: |  1  2  3  4  5  6  7  8 |
---------------+-------------------------+-----
Earth Magic    | 3 4 5 6 |  6.2
Spellcasting   | 3 4 5 |  5.8
Dodging        | 4 5 6 |  6.8
Conjurations   | 1 2 3 |  3.0
Stealth        | |  3.0
Transmutations | |  1.3

Action                   |  1- 3 |  4- 6 |  7- 9 || total
-------------------------+-------+-------+-------++-------
Melee: Unarmed           |     1 |       |       ||     1
       Dagger            |       |    32 |     2 ||    34
 Cast: Sandblast         |    44 |    91 |    69 ||   204
       Stone Arrow       |       |       |    14 ||    14
  Use: Potion            |       |       |     3 ||     3
  Eat: Ration            |       |       |     1 ||     1
Armor: Robe              |     2 |     2 |     1 ||     5
Dodge: Dodged            |    23 |    24 |    18 ||    65

Table legend:
 A = Spawn XP
 B = Non-spawn XP
 C = Spawn XP percentage of total XP
 D = Spawn monster count
 E = Non-spawn monster count
 F = Spawn count percentage of total count
 G = Total turns spent on level
                    A         B        C        D         E        F      G
               +---------+---------+-------+---------+---------+-------+---------
         Total |       0 |    1645 |   0.0 |       0 |     100 |   0.0 |  5246
               +---------+---------+-------+---------+---------+-------+---------
           D:1 |       0 |      40 |   0.0 |       0 |      15 |   0.0 |   838
           D:2 |       0 |      88 |   0.0 |       0 |      20 |   0.0 |  1089
           D:3 |       0 |     561 |   0.0 |       0 |      26 |   0.0 |  1310
           D:4 |       0 |      60 |   0.0 |       0 |       7 |   0.0 |   600
           D:5 |       0 |     675 |   0.0 |       0 |      13 |   0.0 |   983
           D:6 |       0 |     221 |   0.0 |       0 |      19 |   0.0 |   426
               +---------+---------+-------+---------+---------+-------+---------
